 Dungeon Crawl Stone Soup version 0.28.0-1-gb440e238dd (webtiles) character file.

Game seed: 8835355378605075778

14 Morbidden the Skirmisher (level 2, 0/24 HPs)
             Began as a Demonspawn Fighter on Feb 23, 2022.
             Engulfed by a cloud of flame (24 damage)
             ... on level 1 of the Dungeon.
             The game lasted 00:00:29 (877 turns).

Morbidden the Skirmisher (Demonspawn Fighter)        Turns: 877, Time: 00:00:29

Health: 0/24       AC:  6    Str: 16    XL:     2   Next: 31%
Magic:  2/2        EV:  8    Int:  9    God:
Gold:   24         SH:  4    Dex: 12    Spells: 1/1 levels left

rFire   . . .      SeeInvis .   a - +0 long sword
rCold   . . .      Faith    .   c - +0 buckler
rNeg    . . .      Spirit   .   b - +0 scale mail
rPois   .          Reflect  .   (no helmet)
rElec   .          Harm     .   (no cloak)
rCorr   .          Rampage  .   (no gloves)
Will    .....                   (no boots)
Stlth   ..........              (no amulet)
HPRegen 0.08/turn               (no ring)
MPRegen 0.08/turn               (no ring)

@: no status effects
A: sanguine armour 1
a: no special abilities


You were on level 1 of the Dungeon.
You visited 1 branch of the dungeon, and saw 1 of its levels.

You collected 24 gold pieces.

Inventory:

Hand Weapons
 a - a +0 long sword (weapon)
Armour
 b - a +0 scale mail (worn)
 c - a +0 buckler (worn)
Scrolls
 e - 2 scrolls of fear {unknown}
 f - 4 scrolls of noise {unknown}
Potions
 d - a potion of might


   Skills:
 + Level 3.2 Fighting
 + Level 2.0 Long Blades
 + Level 2.9 Armour
 + Level 2.8 Shields


You had one spell level left.
You didn't know any spells.
Your spell library was empty.

Dungeon Overview and Level Annotations

Branches:
Dungeon (1/15)

Altars:


Innate Abilities, Weirdness & Mutations

When seriously injured, your blood forms armour. (AC +0)


Message History

You hit the rat.
The rat is moderately wounded.
The rat bites you. The rat bites you but does no damage.
You hit the rat.
You kill the rat!
No target in view!
You see here a +0 dagger.
Key pressed, stopping explore.
Key pressed, stopping explore.
No target in view!
Unknown command.
No target in view!
No target in view!
No target in view!
Unknown command.
There is an open door here.
Key pressed, stopping explore.
No target in view!
Unknown command.
Found 17 stones, a scythe, a runed long sword, a ring mail and a long sword.
Found a flail and a ring mail.
You open the door.
There is an open door here.
Found a ring mail.
f - 4 scrolls labelled TIXIVA CUSI (gained 1)
You see here a +0 dagger.
You see here a rat skeleton.
You see here a rat skeleton.
You see here a +0 dagger.
There is an open door here.
Key pressed, stopping explore.
Partly explored, can't reach some places.
Partly explored, can't reach some places.
Partly explored, can't reach some places.
Partly explored, can't reach some places.
Really walk into a travel-excluded area?
Okay, then.
You are engulfed in blazing flames.
Ouch! That really hurt!
You die...

#)# #§☼.#
#.#####.#P.. #.#
#.§§# #.# #.##..
#÷#####...#####.#
#.###P
#..§§§.))).§§§..#
#.# #_
#..§§☼..[..§°§..#
#.###P
##.○☼§.[)...☼§.##
#.##PP
#####...######
#.#P.P #§☼§# #.#.PP
#☼§@# #.#.PP #○§§#
#######.#PPP
#...#####.......###'
##........#####.....
########## ######


There were no monsters in sight!

Vanquished Creatures
  A ball python (D:1)
  6 bats (D:1)
  2 hobgoblins (D:1)
  A frilled lizard (D:1)
  2 kobolds (D:1)
  2 rats (D:1)
14 creatures vanquished.

Notes
Turn   | Place    | Note
-------+----------+-------------------------------------------
     0 | D:1      | Morbidden the Demonspawn Fighter began the quest for the
                  | Orb.
     0 | D:1      | Reached XP level 1. HP: 18/18 MP: 1/1
   154 | D:1      | Gained mutation: When seriously injured, your blood forms
                  | armour. (AC +0) [demonic ancestry]
   154 | D:1      | Reached XP level 2. HP: 24/24 MP: 2/2
   411 | D:1      | Found a faded altar of an unknown god.
   877 | D:1      | Engulfed by a cloud of flame

Illustrated notes

Levels and vault maps discovered:
D:1:      tarquinn_simple_flora_water_c, layout_basic,
          shapermc_ecumenical_altar_flowoftime, serial_bayou_pond_a,
          lemuel_flame_loot_1

Skill      XL: |  1  2 |
---------------+-------+-----
Long Blades    | 2 |  2.0
Fighting       | |  3.2
Armour         | |  2.9
Shields        | |  2.8

Action                   || total
-------------------------++-------
Melee: Long sword        ||    35
Armor: Scale mail        ||    24
Dodge: Dodged            ||    18
Block: Buckler           ||     5
